 Dungeon Crawl Stone Soup version 0.16.1-16-gc44b35d (webtiles) character file.

18 siprus the Sneak (level 2, -2/13 HPs)
             Began as a Spriggan Enchanter on Apr 13, 2015.
             Slain by a worm (11 damage)
             ... on level 2 of the Dungeon on Apr 15, 2015.
             The game lasted 00:06:56 (1186 turns).

siprus the Sneak (Spriggan Enchanter)               Turns: 1186, Time: 00:06:56

Health: -2/13      AC:  3    Str:  4    XL:     2   Next: 48%
Magic:  1/7        EV: 18    Int: 16    God:
Gold:   92         SH:  0    Dex: 16    Spells: 2 memorised, 3 levels left

rFire  . . .     SeeInvis +     a - +1 dagger
rCold  . . .     Clarity  .     b - +1 robe
rNeg   . . .     SustAb   .     (shield restricted)
rPois  .         Gourm    .     (helmet restricted)
rElec  .         Spirit   .     (no cloak)
rCorr  .         Warding  .     (gloves unavailable)
rMut   .         Stasis   .     (boots unavailable)
MR     .....                    (no amulet)
Stlth  +++.......               (no ring)
                                (no ring)

@: very quick, not resistant to hostile enchantments, fairly stealthy
A: unfitting armour, see invisible, herbivore 3, speed 3, slow metabolism 2
a: no special abilities


You were on level 2 of the Dungeon.
You were not hungry.

You visited 1 branch of the dungeon, and saw 2 of its levels.

You collected 92 gold pieces.

Inventory:

Hand weapons
 a - a +1 dagger (weapon)
Armour
 b - a +1 robe (worn)
Jewellery
 k - an uncursed ring of ice {unknown}
Scrolls
 e - a scroll of teleportation {unknown}
 f - a scroll of enchant weapon {unknown}
 i - a scroll of remove curse {unknown}
 j - a scroll of noise {unknown}
 l - a scroll of fog {unknown}
Potions
 g - a potion of agility {unknown}
 h - 2 potions of haste {unknown}
 m - a potion of curing {unknown}
 n - a potion of degeneration {unknown}
Books
 c - a book of Maledictions

   Spells                             Type                      Level
   a - Corona                         Hexes                        1
   b - Sure Blade                     Hexes/Charms                 2
   c - Ensorcelled Hibernation        Hexes/Ice                    2
   d - Confuse                        Hexes                        3
   e - Dazzling Spray                 Conjuration/Hexes            3
   f - Enslavement                    Hexes                        4
Comestibles
 d - a bread ration


   Skills:
 + Level 1.4 Short Blades
 + Level 3.3 Dodging
 + Level 4.8 Stealth
 * Level 2.7 Spellcasting
 * Level 4.0 Hexes


You had 3 spell levels left.
You knew the following spells:

 Your Spells              Type           Power        Failure   Level  Hunger
a - Corona                Hex            ###....      4%          1    #......
b - Ensorcelled Hibernat  Hex/Ice        #.....       14%         2    ##.....


Dungeon Overview and Level Annotations

Branches:
Dungeon (2/15)

Altars:

Annotations:
D:2 Sigmund


Innate Abilities, Weirdness & Mutations

You are tiny and cannot use many weapons and most armour.
You have supernaturally acute eyesight.
You are a herbivore.
You cover ground extremely quickly.
You need consume almost no food.


Message History

Aim: a worm (chance 49%)
The worm resists with some effort.
The worm closely misses you.
Found a glowing orange potion.
You see here a glowing orange potion.
n - a glowing orange potion
Casting: Ensorcelled Hibernation
Confirm with . or Enter, or press ? or * to list all spells.
Aiming: Ensorcelled Hibernation
Press: ? - help, Shift-Dir - straight line, f/p - worm
Aim: a worm (chance 49%)
The worm looks drowsy...
The helpless worm fails to defend itself.
You impale the worm!!
The worm is severely wounded.
The worm completely misses you.
You hit the worm.
The worm is almost dead.
The worm bites you!
Ouch! That really hurt!
You die...

########
#####.w....#
####.....#@...#
######....#####.####
#...........# #.#
.######....# #.#
#....# ..# #....#
.## ##.###. .
#.##..## ##.##.#
####


You could see a worm.

Vanquished Creatures
  A giant gecko (D:1)
  3 giant cockroaches (D:1)
  A goblin (D:1)
  3 jackals (D:1)
  4 kobolds (D:1)
  A bat (D:1)
  2 rats (D:1)
15 creatures vanquished.

Notes
Turn   | Place    | Note
--------------------------------------------------------------
     0 | D:1      | siprus, the Spriggan Enchanter, began the quest for the Orb.
     0 | D:1      | Reached XP level 1. HP: 9/9 MP: 4/4
   474 | D:1      | Reached XP level 2. HP: 13/13 MP: 7/7
   488 | D:2      | Noticed Sigmund
   514 | D:1      | Learned a level 2 spell: Ensorcelled Hibernation
   806 | D:1      | Upgraded the game from 0.16.1-14-g82efdee to 0.16.1-16-gc44b35d
  1186 | D:2      | Slain by a worm

Action                   || total
-------------------------++-------
Melee: Dagger            ||    44
 Cast: Corona            ||     2
       Ensorcelled Hiber ||    10
 Stab: Sleeping          ||     8
